[Event "Titled Tuesday Blitz November 29 Late 2022"]
[White "Pein, Jonathan"]
[Black "Kleiman, Jake"]
[WhiteFideId "417092"]
[BlackFideId "2020041"]
[WhiteElo "2227"]
[BlackElo "2622"]
[Result "1-0"]
[Round "03"]
[TimeControl "180+1"]
[Date "2022.11.30"]
[WhiteClock "0:01:48"]
[BlackClock "0:00:19"]

1. e4 e5 2. Nf3 Nc6 3. Nc3 Nf6 4. g3 d5 5. exd5 Nxd5 6. Bg2 Nxc3 7. bxc3 Be6 8. O-O Qd7 9. Re1 f6 10. d4 O-O-O 11. Be3 Ba3 12. Qb1 Bd5 13. Qb5 Rhe8 14. Rab1 Nb8 15. Qa5 Bf8 16. Qxa7 e4 17. Nd2 b6 18. Bf4 f5 19. Rxb6 g5 20. Rxb8# 1-0


[Site "https://www.chess.com"]

[Event "Titled Tuesday Blitz November 29 Late 2022"]
[White "Perez Torres, Nabi Isaias"]
[Black "Arngrimsson, Dagur"]
[WhiteFideId "5120373"]
[BlackFideId "2301288"]
[WhiteElo "1915"]
[BlackElo "2286"]
[Result "0-1"]
[Round "03"]
[TimeControl "180+1"]
[Date "2022.11.30"]
[WhiteClock "0:00:12"]
[BlackClock "0:01:54"]

1. d4 d5 2. c4 c6 3. Nc3 Nf6 4. e3 Nbd7 5. Nf3 g6 6. cxd5 cxd5 7. Ne5 Bg7 8. f4 O-O 9. Bd3 a6 10. O-O b5 11. Bd2 Bb7 12. Rc1 Nb6 13. b3 Rc8 14. f5 Ne4 15. fxg6 hxg6 16. Be1 Nd7 17. Nf3 Ndf6 18. Ne5 Nd7 19. Nf3 Qb6 20. Ne2 Rxc1 21. Qxc1 e5 22. Bb4 Rc8 23. Qe1 Bh6 24. Kh1 Bxe3 25. dxe5 d4 26. Bxe4 Bxe4 27. Ng3 Bxf3 28. Rxf3 Rc1 0-1


[Site "https://www.chess.com"]

[Event "Titled Tuesday Blitz November 29 Late 2022"]
[White "Petrovic, Aleksa"]
[Black "Zajic, Milan"]
[WhiteFideId "967629"]
[BlackFideId "912336"]
[WhiteElo "2224"]
[BlackElo "2445"]
[Result "0-1"]
[Round "03"]
[TimeControl "180+1"]
[Date "2022.11.30"]
[WhiteClock "0:00:01"]
[BlackClock "0:00:26"]

1. d4 Nf6 2. c4 e6 3. Nf3 d5 4. Nc3 Bb4 5. Qb3 c5 6. dxc5 Nc6 7. Bg5 d4 8. O-O-O Qa5 9. Bxf6 gxf6 10. Nxd4 Nxd4 11. Rxd4 Bxc5 12. Rf4 f5 13. e4 Be7 14. h4 Bd6 15. Rf3 fxe4 16. Nxe4 Qe1+ 17. Qd1 Qxd1+ 18. Kxd1 Be5 19. Kc2 Ke7 20. Bd3 b6 21. Re1 Bb7 22. Rfe3 Bd4 23. R3e2 Rhg8 24. f3 h6 25. Nd2 Bf6 26. h5 Rac8 27. Be4 Ba6 28. Kb3 b5 29. Bd3 bxc4+ 30. Bxc4 Rb8+ 31. Kc2 Rxb2+ 32. Kd1 Rxd2+ 33. Rxd2 Bxc4 34. Rc2 Rd8+ 35. Kc1 Bg5+ 36. Kb2 Rd4 0-1


[Site "https://www.chess.com"]

[Event "Titled Tuesday Blitz November 29 Late 2022"]
[White "Pham, Khoi"]
[Black "Iliaguev, Nisim"]
[WhiteFideId "1054988"]
[BlackFideId "2817276"]
[WhiteElo "2490"]
[BlackElo "2244"]
[Result "1-0"]
[Round "03"]
[TimeControl "180+1"]
[Date "2022.11.30"]
[WhiteClock "0:00:53"]
[BlackClock "0:00:31"]

1. e4 c6 2. Nc3 d5 3. Nf3 Bg4 4. h3 Bxf3 5. Qxf3 e6 6. Be2 Nf6 7. O-O dxe4 8. Nxe4 Nxe4 9. Qxe4 Nd7 10. d4 Nf6 11. Qd3 Be7 12. c3 O-O 13. Bf4 Qa5 14. Rfe1 Rfd8 15. Qc2 Rac8 16. Bf3 Qb6 17. Rad1 c5 18. d5 Bd6 19. Bg5 Be7 20. dxe6 fxe6 21. Bxf6 Bxf6 22. Bg4 Rxd1 23. Qxd1 Rd8 24. Bxe6+ Kh8 25. Qb3 Qxb3 26. Bxb3 g6 27. Re2 b5 28. g3 a5 29. Be6 b4 30. cxb4 axb4 31. Kg2 Kg7 32. f4 Rd4 33. Kf3 c4 34. g4 c3 35. bxc3 bxc3 36. g5 Bd8 37. Bb3 Rd6 38. Re3 Rc6 39. Re8 Bc7 40. Rg8# 1-0


[Site "https://www.chess.com"]

[Event "Titled Tuesday Blitz November 29 Late 2022"]
[White "Poliakova, Varvara"]
[Black "Stearman, Josiah"]
[WhiteFideId "13518313"]
[BlackFideId "2062496"]
[WhiteElo "2099"]
[BlackElo "2402"]
[Result "0-1"]
[Round "03"]
[TimeControl "180+1"]
[Date "2022.11.30"]
[WhiteClock "0:00:14"]
[BlackClock "0:00:08"]

1. e4 c5 2. Nf3 Nc6 3. d4 cxd4 4. Nxd4 g6 5. Nc3 Bg7 6. Nb3 Nf6 7. Be2 O-O 8. O-O d6 9. Re1 b6 10. Bf1 Bb7 11. Bg5 h6 12. Bh4 Kh7 13. Qd2 a6 14. Rad1 b5 15. Nd5 Nxd5 16. exd5 Ne5 17. f4 Nc4 18. Qf2 Re8 19. c3 Qc7 20. Bd3 Bxd5 21. f5 Ne5 22. fxg6+ fxg6 23. Bxg6+ Nxg6 24. Rxd5 Nxh4 25. Qxh4 e5 26. Qe4+ Kh8 27. Red1 Rad8 28. Nd2 Rf8 29. Nf3 Rf4 30. Qg6 e4 31. Nd4 Rdf8 32. Qxd6 Qf7 33. h3 Rf1+ 34. Rxf1 Qxf1+ 35. Kh2 e3 36. Ne6 e2 37. Nxf8 e1=Q 38. Ng6+ Kh7 39. Ne7 Qh1# 0-1


[Site "https://www.chess.com"]

[Event "Titled Tuesday Blitz November 29 Late 2022"]
[White "Popilski, Gil"]
[Black "Gavilan Diaz, Mario"]
[WhiteFideId "2809060"]
[BlackFideId "2260905"]
[WhiteElo "2537"]
[BlackElo "2176"]
[Result "1-0"]
[Round "03"]
[TimeControl "180+1"]
[Date "2022.11.30"]
[WhiteClock "0:00:23"]
[BlackClock "0:00:15"]

1. d4 Nf6 2. c4 e6 3. Nf3 b6 4. a3 Ba6 5. Qc2 Bb7 6. Nc3 c5 7. e4 cxd4 8. Nxd4 Nc6 9. Nxc6 dxc6 10. Bf4 Be7 11. Rd1 Qc8 12. Bd3 h6 13. Qe2 O-O 14. e5 Nd7 15. Bxh6 gxh6 16. Qe4 f5 17. exf6 Nxf6 18. Qg6+ Kh8 19. Qxh6+ Kg8 20. Qg6+ Kh8 21. g4 e5 22. Bf5 Qe8 23. Qh6+ Kg8 24. Be6+ Rf7 25. g5 Bf8 26. Qg6+ Bg7 27. Rd6 Kf8 28. Rg1 Ng8 29. Bxf7 Qxf7 30. Qxf7+ Kxf7 31. Rd7+ Ne7 32. Rxb7 Rh8 33. Ne4 Rxh2 34. Ke2 Ke6 35. Rg3 Bf8 36. Rf3 Nf5 37. Kd3 Rh1 38. Rxf5 Kxf5 39. Rf7+ Ke6 40. Rxf8 Rd1+ 41. Ke2 Rb1 42. Rf6+ Ke7 43. g6 Rxb2+ 44. Kf3 Rb3+ 45. Kg4 1-0


[Site "https://www.chess.com"]

[Event "Titled Tuesday Blitz November 29 Late 2022"]
[White "Postnikov, Daniil"]
[Black "Chernomordik, Pavel"]
[WhiteFideId "4166329"]
[BlackFideId "2804530"]
[WhiteElo "2261"]
[BlackElo "2192"]
[Result "1/2-1/2"]
[Round "03"]
[TimeControl "180+1"]
[Date "2022.11.30"]
[WhiteClock "0:01:34"]
[BlackClock "0:01:13"]

1. e4 g6 2. d4 Bg7 3. Nc3 d6 4. Nf3 a6 5. a4 b6 6. Bd3 Bb7 7. Ne2 Nd7 8. Ng3 c5 9. c3 Qc7 10. O-O Ngf6 11. Bg5 e5 12. Qd2 h6 13. Be3 Ng4 14. d5 Nxe3 15. Qxe3 O-O 16. h4 Nf6 17. h5 Bc8 18. Nh4 Kh7 19. Be2 Ng4 20. Qd2 Qe7 21. Nf3 Bf6 22. Qd1 Bh4 23. Nxh4 Qxh4 24. Bxg4 Bxg4 25. hxg6+ fxg6 26. Qd3 Rf4 27. Nh1 Qh5 28. f3 Bd7 29. Ng3 Qg5 30. Ne2 Rf7 31. Kf2 Qh4+ 32. Ke3 Qg5+ 33. Kf2 Qh4+ 34. Ke3 Qg5+ 35. Kf2 1/2-1/2


[Site "https://www.chess.com"]

[Event "Titled Tuesday Blitz November 29 Late 2022"]
[White "Pranav, V"]
[Black "Hambleton, Aman"]
[WhiteFideId "25060783"]
[BlackFideId "2606577"]
[WhiteElo "2975"]
[BlackElo "2711"]
[Result "1-0"]
[Round "03"]
[TimeControl "180+1"]
[Date "2022.11.30"]
[WhiteClock "0:01:04"]
[BlackClock "0:00:01"]

1. e4 c5 2. Nf3 e6 3. b3 Nc6 4. Bb2 a6 5. g3 d6 6. d4 cxd4 7. Nxd4 e5 8. Ne2 Nf6 9. Bg2 Be7 10. O-O O-O 11. h3 b5 12. a4 Bb7 13. Nbc3 Qb6 14. Qd2 b4 15. Nd5 Nxd5 16. exd5 Nb8 17. a5 Qc7 18. Qxb4 Nd7 19. Qd2 f5 20. b4 Rac8 21. Rfc1 Qc4 22. Nc3 Qxb4 23. Rcb1 Qc4 24. Bf1 Qc7 25. Na4 Qxc2 26. Qxc2 Rxc2 27. Bc3 Bxd5 28. Bxa6 Ra8 29. Bd3 Ra2 30. Rxa2 Bxa2 31. Rb7 Be6 32. Bb5 Rd8 33. a6 Bf8 34. a7 f4 35. Bxd7 1-0


[Site "https://www.chess.com"]

[Event "Titled Tuesday Blitz November 29 Late 2022"]
[White "Pruess, David"]
[Black "Barria Zuniga, Daniel"]
[WhiteFideId "2014254"]
[BlackFideId "3400816"]
[WhiteElo "2448"]
[BlackElo "2414"]
[Result "0-1"]
[Round "03"]
[TimeControl "180+1"]
[Date "2022.11.30"]
[WhiteClock "0:00:32"]
[BlackClock "0:00:20"]

1. e4 c5 2. Nf3 Nc6 3. Bb5 a6 4. Bxc6 bxc6 5. O-O e6 6. b3 a5 7. Nc3 Ne7 8. e5 Ng6 9. Re1 Be7 10. Bb2 O-O 11. d3 f6 12. Ne4 fxe5 13. Nxe5 Nxe5 14. Bxe5 d6 15. Bb2 e5 16. a4 Be6 17. Qd2 Qe8 18. Bc3 Qg6 19. Bxa5 h5 20. Bc3 h4 21. Kh1 h3 22. gxh3 Rf3 23. Rg1 Qh5 24. Ng5 Bxg5 25. Qxg5 Qxg5 26. Rxg5 Rxf2 27. Rc1 Raf8 28. Kg1 Bxh3 0-1


[Site "https://www.chess.com"]

[Event "Titled Tuesday Blitz November 29 Late 2022"]
[White "Przybylski, Wojciech"]
[Black "Sailer, Mike"]
[WhiteFideId "1117599"]
[BlackFideId "2012901"]
[WhiteElo "2221"]
[BlackElo "2109"]
[Result "1-0"]
[Round "03"]
[TimeControl "180+1"]
[Date "2022.11.30"]
[WhiteClock "0:00:05"]
[BlackClock "0:00:02"]

1. e4 d5 2. exd5 Qxd5 3. Qf3 Qxf3 4. Nxf3 Nc6 5. c3 Bf5 6. Bb5 f6 7. Bxc6+ bxc6 8. Nd4 Bd7 9. f4 e5 10. fxe5 fxe5 11. Ne2 Bc5 12. b4 Bb6 13. Na3 a6 14. Nc4 e4 15. Nxb6 cxb6 16. O-O Nf6 17. Bb2 O-O 18. Ng3 Rae8 19. Rae1 c5 20. bxc5 bxc5 21. c4 Bc6 22. Nf5 Re6 23. Re3 Rd8 24. Rg3 Rd7 25. Nxg7 Rxg7 26. Bxf6 Rxg3 27. hxg3 e3 28. Bg5 exd2 29. Bxd2 Re4 30. Bh6 Re8 31. Rf5 Be4 32. Rxc5 Re6 33. Bf4 Kf7 34. Kf2 Bb1 35. Rc7+ Kf6 36. c5 Bxa2 37. Rxh7 1-0


[Site "https://www.chess.com"]

[Event "Titled Tuesday Blitz November 29 Late 2022"]
[White "Qashashvili, Alexandre"]
[Black "Torres Dominguez, David"]
[WhiteFideId "13600842"]
[BlackFideId "2220857"]
[WhiteElo "2405"]
[BlackElo "2037"]
[Result "1-0"]
[Round "03"]
[TimeControl "180+1"]
[Date "2022.11.30"]
[WhiteClock "0:01:04"]
[BlackClock "0:02:14"]

1. e4 Nc6 2. Nc3 e5 3. Nf3 Nf6 4. d4 exd4 5. Nxd4 Bb4 6. Nxc6 bxc6 7. Bd3 d5 8. exd5 O-O 9. O-O cxd5 10. Bg5 c6 11. Qf3 h6 12. Bxf6 Qxf6 13. Qxf6 gxf6 14. Ne2 Rb8 15. c3 Bd6 16. b4 Be5 17. a3 f5 18. Nd4 Re8 19. f4 Bxd4+ 20. cxd4 Re3 21. Rfd1 Bd7 22. Kf2 Ree8 23. Re1 Kf8 24. Re5 Rxe5 25. fxe5 f6 26. Re1 Re8 27. Kf3 fxe5 28. Rxe5 Rxe5 29. dxe5 Kf7 30. Kf4 Kg6 31. g4 Kf7 32. gxf5 1-0


[Site "https://www.chess.com"]

[Event "Titled Tuesday Blitz November 29 Late 2022"]
[White "Quesada Perez, Yuniesky"]
[Black "Barbot, Pierre"]
[WhiteFideId "3504409"]
[BlackFideId "663727"]
[WhiteElo "2599"]
[BlackElo "2439"]
[Result "1-0"]
[Round "03"]
[TimeControl "180+1"]
[Date "2022.11.30"]
[WhiteClock "0:01:28"]
[BlackClock "0:00:03"]

1. e4 c5 2. Nf3 Nc6 3. Bb5 g6 4. O-O Bg7 5. c3 Nf6 6. Re1 O-O 7. d4 cxd4 8. cxd4 d5 9. e5 Ne4 10. Bxc6 bxc6 11. Be3 a5 12. Nfd2 Nxd2 13. Qxd2 a4 14. Nc3 Qb6 15. Rac1 Bf5 16. h3 Rfb8 17. Re2 a3 18. b3 Qb4 19. Qd1 Ra5 20. Na4 Qb5 21. Nc5 Ra7 22. Qd2 Qb4 23. Rc3 Bf8 24. Re1 Bc8 25. Rec1 Qa5 26. Bh6 Bxh6 27. Qxh6 Qb4 28. Qf4 Rb6 29. g4 Kg7 30. h4 Qa5 31. Rf3 e6 32. Qf6+ Kg8 33. Qd8+ Kg7 34. Qxc8 Qd2 35. Nxe6+ fxe6 36. Qf8# 1-0


[Site "https://www.chess.com"]

[Event "Titled Tuesday Blitz November 29 Late 2022"]
[White "Quinones Garcia, Santiago"]
[Black "Calcada, Lucas Galvan"]
[WhiteFideId "4408497"]
[BlackFideId "22746099"]
[WhiteElo "2249"]
[BlackElo "1523"]
[Result "1-0"]
[Round "03"]
[TimeControl "180+1"]
[Date "2022.11.30"]
[WhiteClock "0:00:17"]
[BlackClock "0:00:01"]

1. e4 c5 2. Nf3 d6 3. d4 cxd4 4. Nxd4 Nf6 5. Nc3 a6 6. a4 e6 7. Be3 Qc7 8. Be2 Be7 9. O-O O-O 10. f4 Nbd7 11. Bf3 Nb6 12. Qe1 Nc4 13. Bc1 Qb6 14. Rf2 e5 15. Nb3 exf4 16. a5 Qc7 17. Bxf4 Nxb2 18. Nd4 Nc4 19. Nf5 Bxf5 20. exf5 Rfe8 21. Re2 Bf8 22. Rb1 Rxe2 23. Qxe2 Re8 24. Qd3 Ne5 25. Bxe5 dxe5 26. Rxb7 Qxa5 27. h3 Qa1+ 28. Kh2 Qe1 29. Nd5 Nxd5 30. Bxd5 Re7 31. Bxf7+ Kh8 32. Qd8 h5 33. Qxf8+ Kh7 34. Bg6+ Kh6 35. Qxe7 h4 36. Qxg7+ Kg5 37. Bh7+ Kf4 38. Qg4+ Ke3 39. Qf3+ Kd2 40. Rd7+ Kc1 41. Qa3+ Kxc2 42. Rc7+ Kd2 43. Qc3+ 1-0


[Site "https://www.chess.com"]

[Event "Titled Tuesday Blitz November 29 Late 2022"]
[White "Rian, Kapriaga"]
[Black "Cruz Gomez, Miguel Angel"]
[WhiteFideId "7103263"]
[BlackFideId "5137160"]
[WhiteElo "2327"]
[BlackElo "2126"]
[Result "1-0"]
[Round "03"]
[TimeControl "180+1"]
[Date "2022.11.30"]
[WhiteClock "0:00:31"]
[BlackClock "0:00:20"]

1. d4 d5 2. Bf4 c5 3. e3 Nc6 4. c3 Nf6 5. Nd2 Bf5 6. Ngf3 cxd4 7. exd4 Qb6 8. Qb3 e6 9. Qxb6 axb6 10. a3 Be7 11. Nh4 Bc2 12. Rc1 Nd7 13. Rxc2 Bxh4 14. Bb5 O-O 15. Nf3 Be7 16. Re2 Rfc8 17. Kd2 Bf8 18. h4 Ra5 19. Bd3 Raa8 20. h5 h6 21. g4 Na5 22. g5 Nc4+ 23. Kc2 Nxa3+ 24. bxa3 Rxa3 25. Bd2 Ra2+ 26. Kb3 Rca8 27. Bc1 Ra1 28. Rg1 hxg5 29. Bb2 Rxg1 30. Nxg1 Nb8 31. Nf3 Be7 32. Bc1 Nc6 33. Nxg5 Bxg5 34. Bxg5 f6 35. Bc1 Kf7 36. Ba3 Na5+ 37. Kc2 Rc8 38. Bg6+ Kg8 39. Rxe6 1-0


[Site "https://www.chess.com"]

[Event "Titled Tuesday Blitz November 29 Late 2022"]
[White "Richter, Paul"]
[Black "Ivic, Velimir"]
[WhiteFideId "2046350"]
[BlackFideId "950122"]
[WhiteElo "2558"]
[BlackElo "2844"]
[Result "0-1"]
[Round "03"]
[TimeControl "180+1"]
[Date "2022.11.30"]
[WhiteClock "0:00:05"]
[BlackClock "0:01:22"]

1. e4 e5 2. Nf3 Nc6 3. Bb5 a6 4. Ba4 Nf6 5. d3 Bc5 6. c3 b5 7. Bc2 d6 8. O-O O-O 9. Nbd2 Bb6 10. h3 h6 11. Re1 Ne7 12. Nf1 c5 13. Ng3 Ng6 14. d4 Qc7 15. d5 c4 16. Nh2 Bd7 17. Ng4 Nxg4 18. hxg4 Nf4 19. Nf5 g6 20. Nxh6+ Kg7 21. g5 Qd8 22. Bxf4 exf4 23. Ng4 Qxg5 24. Nh2 Rh8 25. Qf3 Qg3 0-1


[Site "https://www.chess.com"]

[Event "Titled Tuesday Blitz November 29 Late 2022"]
[White "Riff, Vincent"]
[Black "Kowalski, Igor"]
[WhiteFideId "617776"]
[BlackFideId "1172468"]
[WhiteElo "2369"]
[BlackElo "2317"]
[Result "0-1"]
[Round "03"]
[TimeControl "180+1"]
[Date "2022.11.30"]
[WhiteClock "0:00:10"]
[BlackClock "0:00:12"]

1. e4 c6 2. Nf3 d5 3. Nc3 Bg4 4. h3 Bxf3 5. Qxf3 e6 6. Be2 Nd7 7. O-O d4 8. Nb1 Bd6 9. c3 Ne5 10. Qg3 Nf6 11. d3 Bc7 12. f4 Ng6 13. c4 e5 14. f5 Nf4 15. Rxf4 exf4 16. Bxf4 Bxf4 17. Qxf4 O-O 18. Nd2 Re8 19. Rf1 Qa5 20. a3 Nd7 21. Nf3 Ne5 22. f6 Ng6 23. Qg3 Qb6 24. b4 a5 25. c5 Qb5 26. Nxd4 Qa4 27. Nf5 axb4 28. axb4 Qxb4 29. fxg7 Qxc5+ 30. d4 Qa3 31. Qg5 Re7 32. Qf6 h5 33. Bxh5 Re6 34. Nh6+ Kh7 35. Bxg6+ fxg6 36. Qxe6 Qe3+ 37. Kh1 Qxh6 38. Kh2 Rg8 39. Qf6 Rxg7 40. Rf4 g5 41. Qf5+ Qg6 42. Qxg6+ Kxg6 43. Rf5 Re7 44. Rf8 Rxe4 45. Rb8 Re7 46. Kg3 Kf5 47. Kf3 Rd7 48. Rf8+ Kg6 49. Ke4 Re7+ 50. Kd3 Re1 51. Rg8+ Kf5 52. Rf8+ Kg6 53. Rg8+ Kh6 54. Rh8+ Kg7 55. Rb8 Rb1 56. g4 Kf6 57. Rf8+ Ke6 58. Rg8 Rb3+ 59. Ke4 Rxh3 60. Rxg5 Rh1 61. Rg6+ Kf7 62. Rd6 Ke7 63. Rg6 Re1+ 64. Kf5 Kd7 65. Rg7+ Kc8 66. g5 b5 67. g6 b4 68. Rg8+ Kc7 69. Rh8 Rf1+ 70. Ke6 Rg1 71. Kf7 b3 72. g7 b2 73. Rh1 Rxh1 74. g8=Q b1=Q 75. Ke7 Qb4+ 0-1


[Site "https://www.chess.com"]

[Event "Titled Tuesday Blitz November 29 Late 2022"]
[White "Rios Escobar, Adan"]
[Black "Gubajdullin, Alexei"]
[WhiteFideId "3403645"]
[BlackFideId "4141202"]
[WhiteElo "2303"]
[BlackElo "2230"]
[Result "0-1"]
[Round "03"]
[TimeControl "180+1"]
[Date "2022.11.30"]
[WhiteClock "0:00:01"]
[BlackClock "0:00:50"]

1. d4 d5 2. c4 c6 3. Nf3 Nf6 4. g3 a6 5. Bg2 dxc4 6. O-O b5 7. b3 cxb3 8. Qxb3 e6 9. Nc3 Be7 10. Ne5 O-O 11. Nxc6 Nxc6 12. Bxc6 Rb8 13. Bf4 Rb6 14. Bf3 Bb7 15. Bxb7 Rxb7 16. Rfd1 b4 17. Na4 Qd5 18. Rac1 Qh5 19. Qf3 Qxf3 20. exf3 Nd5 21. Bd2 a5 22. Rc6 Rc7 23. Rdc1 Rxc6 24. Rxc6 Ra8 25. Kf1 h5 26. h4 Ra7 27. Ke2 Rc7 28. Rxc7 Nxc7 29. Kd3 Kf8 30. Kc4 Ke8 31. Nc5 Bxc5 32. Kxc5 Nd5 33. Kb5 Nc3+ 34. Kxa5 Nxa2 35. Bxb4 Nc1 36. d5 exd5 37. Bc3 g6 38. Kb5 Nd3 39. Bd4 Kd7 40. f4 Ke6 41. Kc6 Nb4+ 42. Kc5 Nc2 43. Bc3 f6 44. Kb5 d4 0-1


[Site "https://www.chess.com"]

[Event "Titled Tuesday Blitz November 29 Late 2022"]
[White "Risteski, Emil"]
[Black "Sarkar, Justin"]
[WhiteFideId "15005267"]
[BlackFideId "2010011"]
[WhiteElo "2251"]
[BlackElo "2239"]
[Result "1-0"]
[Round "03"]
[TimeControl "180+1"]
[Date "2022.11.30"]
[WhiteClock "0:00:16"]
[BlackClock "0:00:01"]

1. e4 c5 2. Nc3 Nc6 3. f4 g6 4. Nf3 Bg7 5. Bb5 d6 6. Bxc6+ bxc6 7. O-O Nf6 8. d3 O-O 9. Qe1 Nd7 10. f5 Ne5 11. Qh4 e6 12. Bg5 f6 13. Bh6 exf5 14. Bxg7 Kxg7 15. Rae1 fxe4 16. dxe4 Nxf3+ 17. Rxf3 f5 18. Qg3 fxe4 19. Rxf8 Qxf8 20. Nxe4 Bf5 21. Nxd6 Rd8 22. Qc3+ Kg8 23. Qc4+ Kg7 24. Qc3+ Kg8 25. Qc4+ Kg7 26. Nxf5+ Qxf5 27. Qc3+ Kg8 28. Rf1 Qe6 29. h3 Re8 30. Qxc5 Qe3+ 31. Qxe3 Rxe3 32. Rf2 Re4 33. Kh2 c5 34. Rd2 c4 35. c3 Kf7 36. Rd4 Re2 37. Rxc4 Rxb2 38. Rc7+ Kf6 39. Rxa7 h5 40. c4 Rc2 41. Ra4 h4 42. Kg1 g5 43. Kf1 Ke6 44. Ra5 Rxc4 45. Rxg5 Ra4 46. Rg4 Rxa2 47. Rxh4 Kf5 48. Rg4 Rb2 49. Kg1 Rc2 50. Kh2 Rd2 51. Rg3 Rc2 52. Rf3+ Kg5 53. Kg3 Rb2 54. h4+ Kh5 55. Rf5+ Kg6 56. Rg5+ Kf6 57. Kh3 Rb3+ 58. g3 Ra3 59. Rg4 Rb3 60. Rf4+ Kg6 61. Kg4 Ra3 62. h5+ Kh6 63. Rf6+ Kg7 64. Rg6+ Kh7 65. Kh4 Ra4+ 66. g4 Rb4 67. Rg5 Ra4 68. Rf5 Rb4 69. Kg5 Ra4 70. Rf7+ Kg8 71. Re7 Kh8 72. Re6 Rb4 73. h6 Ra4 74. Kh5 Ra5+ 75. g5 Rb5 76. Kg6 Rb8 77. Re5 Rg8+ 78. Kh5 Ra8 79. g6 1-0


[Site "https://www.chess.com"]

[Event "Titled Tuesday Blitz November 29 Late 2022"]
[White "Rodriguez Fontecha, Marcos"]
[Black "Remizov, Yaroslav"]
[WhiteFideId "2256576"]
[BlackFideId "34134015"]
[WhiteElo "2263"]
[BlackElo "2414"]
[Result "0-1"]
[Round "03"]
[TimeControl "180+1"]
[Date "2022.11.30"]
[WhiteClock "0:00:01"]
[BlackClock "0:00:19"]

1. d4 g6 2. Nf3 Bg7 3. Bf4 b6 4. Nc3 Bb7 5. Qd2 d6 6. h4 h6 7. O-O-O Nd7 8. e4 e6 9. Bb5 a6 10. Be2 Ngf6 11. Bd3 Ng4 12. h5 g5 13. Bg3 c5 14. Bxd6 cxd4 15. Nb1 b5 16. Nh2 Nxh2 17. Bxh2 Nc5 18. Rde1 Rc8 19. f4 Qb6 20. Kd1 Na4 21. Qc1 gxf4 22. Bxf4 e5 23. Bg3 Bf6 24. Bh4 Rg8 25. Re2 Bxh4 26. Rxh4 Qf6 27. Rh1 Rxg2 28. b3 Qf3 29. Re1 Nc5 30. Qd2 Bxe4 31. Bxe4 Nxe4 32. Qxh6 d3 33. cxd3 Qxd3+ 0-1


[Site "https://www.chess.com"]

[Event "Titled Tuesday Blitz November 29 Late 2022"]
[White "Rodriguez Santiago, Jaime"]
[Black "Urbina Perez, Juan Antonio"]
[WhiteFideId "3100898"]
[BlackFideId "2217368"]
[WhiteElo "2025"]
[BlackElo "2197"]
[Result "1/2-1/2"]
[Round "03"]
[TimeControl "180+1"]
[Date "2022.11.30"]
[WhiteClock "0:00:28"]
[BlackClock "0:00:19"]

1. c4 c6 2. d4 d5 3. cxd5 cxd5 4. Bf4 Nc6 5. e3 Nf6 6. Nc3 a6 7. Qb3 Na5 8. Qa4+ Bd7 9. Qd1 e6 10. Nf3 Rc8 11. Bd3 Be7 12. Ne5 O-O 13. O-O Nc6 14. h3 b5 15. Rc1 Nxe5 16. Bxe5 Bc6 17. Bh2 Bd6 18. f4 b4 19. Ne2 a5 20. g4 Qb6 21. g5 Ne4 22. Qe1 Bb5 23. Bxb5 Qxb5 24. Ng3 Nxg3 25. Bxg3 Qd3 26. Bf2 Qf5 27. Kg2 f6 28. h4 Qg4+ 29. Bg3 fxg5 30. hxg5 Qf5 31. Qe2 Qe4+ 32. Qf3 Qd3 33. Rxc8 Rxc8 34. Rf2 g6 35. Qg4 Re8 36. Qe2 Qe4+ 37. Qf3 Qf5 38. Qe2 Rc8 39. b3 Rc1 40. Rf1 Qe4+ 41. Kh3 Rxf1 42. Qxf1 Qxe3 43. Kg4 Qxd4 44. Qa6 Qc5 45. Qa8+ Kg7 46. Qe8 Be7 47. Bf2 Qxf2 48. Qxe7+ Kg8 49. Qe8+ Kg7 50. Qe7+ Kg8 51. Qe8+ Kg7 52. Qe7+ 1/2-1/2


[Site "https://www.chess.com"]

[Event "Titled Tuesday Blitz November 29 Late 2022"]
[White "Romero Ruscalleda, Josep"]
[Black "Danielyan, Vahe"]
[WhiteFideId "2231859"]
[BlackFideId "13304828"]
[WhiteElo "2183"]
[BlackElo "2423"]
[Result "1-0"]
[Round "03"]
[TimeControl "180+1"]
[Date "2022.11.30"]
[WhiteClock "0:00:18"]
[BlackClock "0:01:20"]

1. e4 d6 2. d4 Nf6 3. Nc3 e5 4. Nf3 Nbd7 5. Bc4 Be7 6. O-O c6 7. a4 Qc7 8. h3 h6 9. Be3 g5 10. dxe5 dxe5 11. Qd2 Nf8 12. Nh2 Be6 13. Be2 Ng6 14. Rad1 Nf4 15. Rfe1 Rg8 16. Kh1 a5 17. Ng4 Nxg4 18. Bxg4 Bxg4 19. hxg4 Qc8 20. Bxf4 gxf4 21. f3 h5 22. gxh5 Bc5 23. g4 fxg3 24. Kg2 Qe6 25. Rh1 Bd4 26. Ne2 O-O-O 27. Nxd4 exd4 28. Qxa5 Qc4 29. Rd2 Kb8 30. h6 Rde8 31. b3 Qe6 32. Rxd4 Qf6 33. Qb6 Rh8 34. Rd7 1-0


[Site "https://www.chess.com"]

[Event "Titled Tuesday Blitz November 29 Late 2022"]
[White "Rorrer, Grayson"]
[Black "Howell, David W L"]
[WhiteFideId "30944996"]
[BlackFideId "410608"]
[WhiteElo "2715"]
[BlackElo "2975"]
[Result "0-1"]
[Round "03"]
[TimeControl "180+1"]
[Date "2022.11.30"]
[WhiteClock "0:00:12"]
[BlackClock "0:00:04"]

1. e4 g6 2. d4 Bg7 3. Nc3 c6 4. Be3 d5 5. e5 Nh6 6. Qd2 Nf5 7. Bf4 c5 8. dxc5 d4 9. Ne4 Qd5 10. Bd3 Bxe5 11. Bxe5 Qxe5 12. Nf3 Qd5 13. c4 Qd8 14. Bc2 Nc6 15. b4 Be6 16. b5 Na5 17. g4 Nxc4 18. Qd3 Qa5+ 19. Ke2 Nb2 20. Qd2 Qxb5+ 21. Ke1 Nc4 22. Qd1 O-O-O 23. gxf5 Bxf5 24. Bd3 Qa5+ 25. Kf1 Nb2 26. Qc2 Qa3 27. Nd6+ exd6 28. Bxf5+ gxf5 29. cxd6+ Kb8 30. Nxd4 Ka8 31. Nb3 Qa6+ 32. Ke1 Nd3+ 33. Kd2 Rxd6 34. Qc3 Rhd8 35. Kc2 Rc6 36. Rhd1 Rxc3+ 37. Kxc3 Rc8+ 38. Kd2 Nb4 39. Ke3 Nc2+ 0-1


[Site "https://www.chess.com"]

[Event "Titled Tuesday Blitz November 29 Late 2022"]
[White "Rose, Felix"]
[Black "Chirilov, James A"]
[WhiteFideId "5105722"]
[BlackFideId "30976677"]
[WhiteElo "2039"]
[BlackElo "1790"]
[Result "0-1"]
[Round "03"]
[TimeControl "180+1"]
[Date "2022.11.30"]
[WhiteClock "0:00:58"]
[BlackClock "0:01:20"]

1. e4 c5 2. Nf3 d6 3. d4 cxd4 4. Nxd4 Nf6 5. Nc3 a6 6. f3 e5 7. Nb3 Be7 8. Be3 h5 9. Nd5 Nxd5 10. exd5 Bg5 11. Qd2 Bxe3 12. Qxe3 Nd7 13. O-O-O Nf6 14. Kb1 Qc7 15. h4 Bf5 16. Bd3 Bxd3 17. Rxd3 O-O 18. g4 hxg4 19. h5 Qc4 20. h6 Qf4 21. hxg7 Kxg7 22. Qxf4 exf4 23. fxg4 Rh8 24. Rg1 Rae8 25. g5 Nd7 26. Nd4 Ne5 27. Rdd1 Kg6 28. Rdf1 Rh4 29. b3 Reh8 30. Kb2 R8h5 31. Ne2 Rxg5 32. Rxg5+ Kxg5 33. Rg1+ Rg4 34. Rh1 f3 35. Nc3 0-1


[Site "https://www.chess.com"]

[Event "Titled Tuesday Blitz November 29 Late 2022"]
[White "Rustemov, Alexander"]
[Black "Redzisz, Michal"]
[WhiteFideId "4119002"]
[BlackFideId "21816107"]
[WhiteElo "2843"]
[BlackElo "2136"]
[Result "1-0"]
[Round "03"]
[TimeControl "180+1"]
[Date "2022.11.30"]
[WhiteClock "0:00:22"]
[BlackClock "0:00:01"]

1. d4 Nf6 2. c4 e6 3. Nf3 d5 4. g3 dxc4 5. Bg2 b6 6. Ne5 Nd5 7. Qa4+ c6 8. Qxc4 Bb7 9. O-O Be7 10. e4 Nf6 11. Rd1 O-O 12. Nc3 Nfd7 13. Nd3 Na6 14. Be3 Rc8 15. b4 Qc7 16. Rac1 c5 17. Nb5 Qb8 18. dxc5 bxc5 19. bxc5 Naxc5 20. Nxc5 Nxc5 21. Qe2 Ba6 22. Rb1 Na4 23. Bd4 e5 24. Ba1 Rc5 25. Bf1 Rfc8 26. Rd5 Rxd5 27. exd5 f6 28. Qe4 Rc5 29. Qxa4 1-0


[Site "https://www.chess.com"]